 Dungeon Crawl Stone Soup version 0.20.1-1-g8b1a95d (webtiles) character file.

41 Veelafan79 the Caller (level 3, 0/27 HPs)
             Began as a Demonspawn Summoner on Sept 19, 2017.
             Slain by a gnoll
             ... wielding a +0 spear
              (8 damage)
             ... on level 2 of the Dungeon.
             The game lasted 00:09:22 (2546 turns).

Veelafan79 the Caller (Demonspawn Summoner)         Turns: 2546, Time: 00:09:22

Health: 0/27       AC:  3    Str:  8    XL:     3   Next: 32%
Magic:  5/7        EV: 12    Int: 17    God:
Gold:   29         SH:  0    Dex: 13    Spells: 4/7 levels left

rFire    + . .     SeeInvis .   g - +0 spear
rCold    . . .     Gourm    .   (no shield)
rNeg     . . .     Faith    .   a - +0 robe
rPois    +         Spirit   .   (helmet restricted)
rElec    .         Reflect  .   (no cloak)
rCorr    .         Harm     .   (no gloves)
MR       .....                  l - +0 pair of boots
Stlth    ++........             (no amulet)
Regen    0.1/turn               d - ring of poison resistance
MPRegen  0.1/turn               (no ring)

@: no status effects
A: horns 1, fire resistance 1
a: no special abilities


You were on level 2 of the Dungeon.
You were very hungry.

You visited 1 branch of the dungeon, and saw 2 of its levels.

You collected 29 gold pieces.

Inventory:

Hand Weapons
 g - a +0 spear (weapon)
Armour
 a - a +0 robe (worn)
 l - a +0 pair of boots (worn)
Jewellery
 d - a ring of poison resistance (left hand)
Scrolls
 f - a scroll of fog {unknown}
 h - a scroll of enchant weapon
 i - a scroll of fear {unknown}
Potions
 k - a potion of curing {unknown}
 m - a potion of might {unknown}
Books
 b - a book of Callings

   Spells                             Type                      Level
   a - Summon Small Mammal            Summoning                    1
   b - Call Imp                       Summoning                    2
   c - Call Canine Familiar           Summoning                    3
   d - Summon Guardian Golem          Hexes/Summoning              3
   e - Summon Lightning Spire         Summoning/Air                4
   f - Summon Ice Beast               Ice/Summoning                4
Comestibles
 c - a bread ration


   Skills:
 - Level 1.7 Fighting
 - Level 1.7 Dodging
 - Level 1.7 Stealth
 - Level 2.9 Spellcasting
 + Level 4.1 Summonings


You had 4 spell levels left.
You knew the following spells:

 Your Spells              Type           Power        Failure   Level  Hunger
a - Summon Small Mammal   Summ           ###.         3%          1    #......
b - Call Imp              Summ           ###.....     4%          2    ##.....


Dungeon Overview and Level Annotations

Branches:
Dungeon (2/15)

Altars:


Innate Abilities, Weirdness & Mutations

You have a pair of small horns on your head.
Your flesh is heat resistant. (rF+)


Message History

Magic restored.
You start resting.
Your crimson imp disappears in a puff of smoke!
HP restored.
You are feeling very hungry.
There is a stone staircase leading down here.
Okay, then.
You climb downwards.
The gnoll hits you with a spear. The gnoll hits you with a spear!
There is a stone staircase leading up, spattered with blood here.
Casting: Call Imp
Confirm with . or Enter, or press ? or * to list all spells.
A beastly little devil appears in a puff of frigid air.
The gnoll hits you but does no damage.
Unknown command.
The gnoll hits you from afar with a spear.
* * * LOW HITPOINT WARNING * * *
Your white imp barely misses the gnoll.
The gnoll hits you from afar with a spear!
You die...

#..## ##...#
##..#.### #..g#...# .
#..r###.# ..### #...#
#.###### ...####.###
#......#.. ...#..#
###........# #.#g##
#@.<5....### #.r†#
#..g.##### #...##
##.#.# ##†..# #.#.#
#...)..# #....###
#.).g....####...#.
...........# ##...(
##.r$(......## ....##
#.............##.#..#


You could see a gnoll and a friendly white imp.

Vanquished Creatures
  A gnoll (D:2)
  A leopard gecko (D:1)
  2 goblins
  5 bats
  3 frilled lizards (D:1)
  4 rats (D:1)
16 creatures vanquished.

Vanquished Creatures (collateral kills)
  A gnoll (D:1)
  2 dart slugs (D:1)
  A worm (D:2)
  A leopard gecko (D:1)
  2 goblins (D:1)
  3 hobgoblins
  5 kobolds (D:1)
  2 bats (D:1)
  A frilled lizard (D:1)
  2 rats
20 creatures vanquished.

Grand Total: 36 creatures vanquished

Notes
Turn   | Place    | Note
-------+----------+-------------------------------------------
     0 | D:1      | Veelafan79 the Demonspawn Summoner began the quest for the Orb.
     0 | D:1      | Reached XP level 1. HP: 13/13 MP: 3/3
   269 | D:1      | Reached skill level 1 in Fighting
   813 | D:1      | Gained mutation: You have a pair of small horns on your head. [demonic ancestry]
   813 | D:1      | Reached XP level 2. HP: 21/21 MP: 0/5
   922 | D:1      | Learned a level 2 spell: Call Imp
  2071 | D:2      | Gained mutation: Your flesh is heat resistant. (rF+) [demonic ancestry]
  2071 | D:2      | Reached XP level 3. HP: 27/27 MP: 0/7
  2546 | D:2      | Slain by a gnoll

Skill      XL: |  1 |
---------------+----+-----
Fighting       | 1 |  1.7
Dodging        | |  1.7
Stealth        | |  1.7
Spellcasting   | |  2.9
Summonings     | |  4.1

Action                   || total
-------------------------++-------
Melee: Short sword       ||    56
       Headbutt          ||     3
 Cast: Summon Small Mamm ||    26
       Call Imp          ||    12
  Use: Scroll            ||     2
 Stab: Sleeping          ||     1
  Eat: Chunk             ||     5
Armor: Robe              ||    24
Dodge: Dodged            ||    60
